 Dungeon Sprint DCSS version 0.27.1-33-g824d729ab1 (webtiles) character file.

Game seed: 13234818590194779567

1250 Hipnos the Carver (level 8, -17/81 HPs)
             Began as a Black Draconian Berserker on Nov 30, 2021.
             Was an Elder of Trog.
             Shot with an arrow by a centaur warrior (23 damage)
             ... in the Dungeon (Sprint I: "Red Sonja").
             The game lasted 00:02:59 (712 turns).

Hipnos the Carver (Black Draconian Berserker)        Turns: 712, Time: 00:03:00

Health: -17/81     AC:  7    Str: 21    XL:     8   Next: 26%
Magic:  8/8        EV: 13    Int:  8    God:    Trog [****..]
Gold:   179        SH: 10    Dex: 11    Spells: 7/7 levels left

rFire    . . .     SeeInvis .   a - +0 falchion
rCold    . . .     Faith    .   c - +0 kite shield
rNeg     . . .     Spirit   .   (armour unavailable)
rPois    .         Reflect  .   (helmet restricted)
rElec    +         Harm     .   (no cloak)
rCorr    .         Rampage  .   d - +0 pair of gloves
Will     ++...     NoTele   +   (no boots)
Stlth    +.........             (no amulet)
HPRegen  1.23/turn              (no ring)
MPRegen  0.11/turn              (no ring)

@: strong-willed, on berserk cooldown, regenerating, slowed, very slow
A: breathe lightning, AC +6, unfitting armour, electricity resistance,
cold-blooded
a: Breathe Lightning, Renounce Religion, Berserk, Trog's Hand, Brothers in Arms


You were in the Dungeon.
You worshipped Trog.
Trog was greatly pleased with you.
You visited 1 branch You collected 413 gold pieces.
You spent 234 gold pieces at shops.

Inventory:

Hand Weapons
 a - a +0 falchion (weapon)
Armour
 c - a +0 kite shield (worn)
 d - a +0 pair of gloves (worn)
Wands
 h - a wand of flame (37)
Scrolls
 b - 3 scrolls of amnesia {unknown}
 g - a scroll of blinking
Potions
 e - 2 potions of magic
 f - a potion of berserk rage


   Skills:
 + Level 10.9 Fighting
 + Level 11.6 Long Blades
 + Level 9.2 Dodging
 * Level 4.8 Shields


You had 7 spell levels left.
You didn't know any spells.
Your spell library was empty.

Dungeon Overview and Level Annotations

Branches:
Dungeon (1/1)

Altars:
Cheibriados
Dithmenos
Elyvilon
Fedhas
Gozag
Hepliaklqana
Kikubaaqudgha
Makhleb
Nemelex Xobeh
Okawaru
Qazlal
Ru
Sif Muna
Trog
Uskayaw
Vehumet
Wu Jian
Xom
Yredelemnul
Zin
The Shining One
Jiyva
Lugonu

Shops:
D [


Innate Abilities, Weirdness & Mutations

You can breathe wild blasts of lightning.
Your glossy black scales are hard. (AC +6)
You cannot fit into any form of body armour.
You are resistant to electric shocks. (rElec)
You are cold-blooded and may be slowed by cold attacks.


Message History

The orange demon disappears in a puff of smoke!
The shadow imp disappears in a puff of smoke!
The neqoxec disappears in a puff of smoke!
The iron imp disappears in a puff of smoke!
You are no longer berserk.
You are exhausted.
You feel yourself slow down.
You have reached level 8!
You feel clever.
You start resting.
You feel the effects of Trog's Hand fading.
You start resting.
HP restored.
Things that are here:
a +0 dagger; a +0 robe Your skin stops crawling.
You feel less strong-willed.
There is an open door here.
You have got your breath back.
There is an open door, spattered with blood here.
There is an open door here.
Found 8 stones and 7 gold pieces.
Found 17 sling bullets.
A centaur warrior comes into view.
The centaur warrior shouts!
The centaur warrior wields a +0 shortbow.
The centaur warrior shoots an arrow.
You block the arrow.
The centaur warrior shoots an arrow.
The arrow hits you!
The centaur warrior shoots an arrow.
You block the arrow.
The centaur warrior shoots an arrow.
The arrow hits you!
Found a worn bronze wand.
The centaur warrior shoots an arrow.
The arrow hits you!!
The centaur warrior shoots an arrow.
The arrow hits you!!
* * * LOW HITPOINT WARNING * * *
There is an open door, spattered with blood here.
You close the door.
A centaur warrior opens the door.
Your skin crawls.
You feel strong-willed.
The centaur warrior shoots an arrow.
The arrow hits you!
* * * LOW HITPOINT WARNING * * *
The centaur warrior shoots an arrow.
The arrow hits you!!
You die...

#<.#..').#.)'..#__#..')..#
#..').#..'..#..'..'.)#§..#
#..#####'#####'#__####...+
#..####..#...#.#### § ####
#..#__####..##.#≈§§.§
#..#_____##'#_.'≈≈§§
#⌠⌠#_.∩...c..c_#§§§§
####_..__##_.#'##'##
#_____###+#@# ($( #######
### ###


You could see a centaur warrior.

Vanquished Creatures
  2 kobold demonologists (D)
  A slime creature (D)
  Sigmund (D)
  A yak (D)
  A floating eye (D)
  An ogre (D)
  A jelly (D)
  Ijyb (D)
9 creatures vanquished.

Notes
Turn   | Place    | Note
-------+----------+-------------------------------------------
     0 | D        | Hipnos the Draconian Berserker began the quest for the Orb.
     0 | D        | Reached XP level 1. HP: 19/19 MP: 1/1
     1 | D        | Noticed Ijyb
    11 | D        | Killed Ijyb
    12 | D        | Reached skill level 4 in Long Blades
    12 | D        | Reached XP level 2. HP: 28/28 MP: 2/2
    56 | D        | Noticed an ogre
    60 | D        | Killed an ogre
    61 | D        | Reached skill level 6 in Long Blades
    61 | D        | Reached skill level 5 in Dodging
    61 | D        | Reached XP level 3. HP: 38/38 MP: 3/3
    61 | D        | Reached XP level 4. HP: 45/45 MP: 4/4
   111 | D        | Noticed Sigmund
   142 | D        | Killed Sigmund
   142 | D        | Reached ** piety under Trog
   143 | D        | Reached skill level 8 in Long Blades
   143 | D        | Reached XP level 5. HP: 13/56 MP: 5/5
   385 | D        | Found an ornate altar of the Wu Jian Council.
   385 | D        | Found a shimmering blue altar of Sif Muna.
   387 | D        | Found a radiant altar of Vehumet.
   393 | D        | Reached XP level 6. HP: 62/62 MP: 6/6
   551 | D        | Found Eseubops's Antique Armour Emporium.
   551 | D        | Found an ancient bone altar of Kikubaaqudgha.
   551 | D        | Found a hazy altar of Hepliaklqana.
   551 | D        | Found a stormy altar of Qazlal.
   551 | D        | Found a hide-covered altar of Uskayaw.
   551 | D        | Found a blossoming altar of Fedhas.
   551 | D        | Found a bloodstained altar of Trog.
   551 | D        | Found an iron altar of Okawaru.
   551 | D        | Found a basalt altar of Yredelemnul.
   551 | D        | Found a glowing golden altar of the Shining One.
   551 | D        | Found a snail-covered altar of Cheibriados.
   551 | D        | Found a sacrificial altar of Ru.
   551 | D        | Found a glowing silver altar of Zin.
   551 | D        | Found a shadowy altar of Dithmenos.
   551 | D        | Found a white marble altar of Elyvilon.
   551 | D        | Noticed a yak
   557 | D        | Killed a yak
   558 | D        | Reached skill level 9 in Long Blades
   558 | D        | Found an opulent altar of Gozag.
   559 | D        | Found a sparkling altar of Nemelex Xobeh.
   563 | D        | Bought a kite shield for 117 gold pieces
   563 | D        | Bought a pair of gloves for 117 gold pieces
   589 | D        | Found a burning altar of Makhleb.
   589 | D        | Found a viscous altar of Jiyva.
   589 | D        | Found a shimmering altar of Xom.
   589 | D        | Found a corrupted altar of Lugonu.
   589 | D        | Noticed a slime creature
   595 | D        | Killed a slime creature
   595 | D        | Reached *** piety under Trog
   596 | D        | Reached skill level 10 in Long Blades
   596 | D        | Your scales start taking on a glossy black colour.
   596 | D        | Reached XP level 7. HP: 71/71 MP: 7/7
   596 | D        | Gained mutation: You are resistant to electric shocks.
                  | (rElec) [Black Draconian growth]
   676 | D        | Noticed a kobold demonologist
   677 | D        | Noticed a kobold demonologist
   680 | D        | Noticed an orange demon
   681 | D        | Reached skill level 10 in Fighting
   686 | D        | Noticed an ice devil
   688 | D        | Killed a kobold demonologist
   689 | D        | Reached skill level 11 in Long Blades
   690 | D        | Noticed a neqoxec
   695 | D        | Killed a kobold demonologist
   695 | D        | Reached **** piety under Trog
   696 | D        | Reached XP level 8. HP: 78/81 MP: 8/8
   707 | D        | Noticed a centaur warrior
   712 | D        | Shot with an arrow by a centaur warrior

Illustrated notes

Levels and vault maps discovered:
D:        dungeon_sprint_1 [red_sonja_temple_1, red_sonja_temple_small_1]

Skill      XL: |  1  2  3  4  5  6  7 |
---------------+----------------------+-----
Fighting       | 4 6 8 9 10 | 10.9
Long Blades    | 4 6 8 10 11 | 11.6
Dodging        | 3 5 6 8 9 |  9.2
Shields        | 2 4 |  4.8

Action                   |  1- 3 |  4- 6 |  7- 9 || total
-------------------------+-------+-------+-------++-------
Melee: Falchion          |    11 |    31 |    16 ||    58
       Tailslap          |     3 |     6 |     2 ||    11
Invok: Berserk           |     2 |     4 |     1 ||     7
       Trog's Hand       |       |       |     2 ||     2
 Abil: Breathe Lightning |       |       |     1 ||     1
  Use: Potion            |       |     3 |       ||     3
Armor: Skin              |     2 |     9 |     8 ||    19
Dodge: Dodged            |     4 |     6 |     6 ||    16
Block: Kite shield       |       |       |    10 ||    10
       Rpst.: Falchion   |       |     2 |     1 ||     3
